 Dungeon Crawl Stone Soup version 0.28-a0-461-g2dc4ca5097 (webtiles) character file.

Game seed: 13338756700760861344

508 flotson the Sneak (level 7, -5/37 HPs)
             Began as a Vine Stalker Delver on Sept 13, 2021.
             Slain by Crazy Yiuf (10 damage)
             ... on level 2 of the Dungeon.
             The game lasted 00:08:09 (3019 turns).

flotson the Sneak (Vine Stalker Delver)             Turns: 3019, Time: 00:08:10

Health: -5/37      AC:  7    Str: 17    XL:     7   Next: 18%
Magic:  0/8        EV: 16    Int: 10    God:
Gold:   105        SH:  0    Dex: 15    Spells: 6/6 levels left

rFire   . . .      SeeInvis .   b - +0 trident (protect)
rCold   . . .      Faith    .   (no shield)
rNeg    . . .      Spirit   +   m - +0 scale mail
rPois   .          Reflect  .   (no helmet)
rElec   .          Harm     .   (no cloak)
rCorr   .          Rampage  .   k - +0 pair of gloves
Will    .....                   (no boots)
Stlth   ++........              (no amulet)
HPRegen 1.12/turn               (no ring)
MPRegen 0.11/turn               (no ring)

@: agile, lethally poisoned (-5 -> -8), hasted, very quick
A: fangs 2, regeneration 1, magic shield, antimagic bite, no potion heal 2
a: no special abilities


You were on level 2 of the Dungeon.
You visited 1 branch of the dungeon, and saw 5 of its levels.

You collected 105 gold pieces.

Inventory:

Hand Weapons
 a - a +0 hand axe
 b - a +0 trident of protection (weapon)
Armour
 k - a +0 pair of gloves (worn)
 m - a +0 scale mail (worn)
Wands
 g - a wand of digging (1)
 p - a wand of flame (25)
Scrolls
 c - a scroll of fog
 d - a scroll of brand weapon {unknown}
 l - 3 scrolls of teleportation {unknown}
 q - a scroll of magic mapping
 r - 3 scrolls of enchant weapon {unknown}
 s - a scroll of identify {unknown}
Potions
 e - 2 potions of berserk rage {unknown}
 h - a potion of degeneration {unknown}
 j - 2 potions of ambrosia {unknown}
 n - a potion of resistance {unknown}
 o - a potion of might {unknown}
 t - a potion of heal wounds {unknown}
 u - a potion of mutation {unknown}


   Skills:
 + Level 4.2 Fighting
 + Level 3.7 Axes
 + Level 2.7 Armour
 + Level 3.3 Dodging
 - Level 6.0 Stealth


You had 6 spell levels left.
You didn't know any spells.
Your spell library was empty.

Dungeon Overview and Level Annotations

Branches:
Dungeon (5/15)
 Temple: D:4-7

Altars:
Ashenzari
Hepliaklqana
Makhleb
Qazlal

Shops:
D:4 **

Annotations:
D:2 Crazy Yiuf
D:5 Blork the orc


Innate Abilities, Weirdness & Mutations

You have extremely sharp teeth.
Your natural rate of healing is unusually fast.
When hurt, damage is shared between your health and your magic reserves.
Your bite disrupts and absorbs the magic of your enemies.
Potions cannot restore your health.


Message History

a +0 short sword; a kobold corpse
u - a fuming dark potion
Found 20 arrows.
There is an open door here.
You see here a +0 hand axe.
You see here a quokka corpse.
You see here the felid corpse of Natasha.
You see here a +0 short sword.
You see here a +0 hand axe.
You open the door.
There is an open translucent door here.
You reach to attack!
You puncture Crazy Yiuf!
Your weapon exudes an aura of protection.
Crazy Yiuf is heavily wounded.
You barely miss Crazy Yiuf. You bite Crazy Yiuf. You drain his power.
Crazy Yiuf is heavily wounded.
Crazy Yiuf says, "Rot!
Ghoul leg testudinal."
Crazy Yiuf hits you with a +4 quarterstaff of chaos!
Crazy Yiuf burns you.
You closely miss Crazy Yiuf.
Crazy Yiuf is heavily wounded.
Crazy Yiuf hits you with a +4 quarterstaff of chaos.
You are electrocuted!
Crazy Yiuf hits you with a +4 quarterstaff of chaos.
You are poisoned.
Aiming: Paralyse
Press: ? - help, Shift-Dir - straight line, f/p - Crazy Yiuf
Aim: Crazy Yiuf, wielding a +4 quarterstaff of chaos and wearing a +0 cloak (heavily wounded, chance to affect: 54%) Crazy Yiuf resists with significant effort.
The now-empty wand crumbles to dust.
You feel very sick.
Crazy Yiuf hits you with a +4 quarterstaff of chaos.
* * * LOW HITPOINT WARNING * * *
You feel agile all of a sudden.
You feel yourself speed up.
You feel very sick.
Crazy Yiuf hits you with a +4 quarterstaff of chaos.
* * * LOW HITPOINT WARNING * * *
You are electrocuted!
You die...

####.#.#...†..#
#...(.........
.......#......#
#.............
.#.....#......#
#.............
.#.#..#########
###...........
.#.#..# #...........
.#.#..##♣♣♣♣♣
#...........
.#.#......♣.♣♣♣#####
#...........
.#.#.......♣..♣#...#
#...........
##.#......♣♣♣♣.'@g.#
#...........
.#.#.....♣♣ ♣♣#..)#
#...........
.#.#..##♣♣ #####
#......).... ...#..#
#........... ...#..#
##'#########
..##..########
########.##
...#..##.#.#.#
#....)....#
...#..##.#.#.#
######.#).#
...#..##.#.#.#
#.#..#


You could see Crazy Yiuf.

Vanquished Creatures
  A yak (D:5)
  Sigmund (D:2)
  Jessica (D:3)
  Ijyb (D:3)
  Natasha (twice) (D:2)
  3 adders (D:2)
  A worm (D:3)
  4 dart slugs
  7 endoplasms
  4 giant cockroaches
  2 goblins
  8 hobgoblins
  3 jackals (D:5)
  3 quokkas
  5 ball pythons
  3 bats
  3 frilled lizards (D:1)
  5 kobolds
  6 rats
63 creatures vanquished.

Notes
Turn   | Place    | Note
-------+----------+-------------------------------------------
     0 | D:5      | flotson the Vine Stalker Delver began the quest for the
                  | Orb.
     0 | D:5      | Reached XP level 1. HP: 11/11 MP: 2/2
   181 | D:5      | Noticed an orc wizard
   228 | D:5      | Noticed an orc wizard
   228 | D:5      | Noticed a centaur
   282 | D:5      | Noticed Blork the orc
   443 | D:4      | Noticed a yak
   443 | D:4      | Noticed a yak
   443 | D:4      | Noticed a jelly
   466 | D:5      | Killed a yak
   467 | D:5      | Reached skill level 1 in Armour
   467 | D:5      | Reached XP level 2. HP: 6/16 MP: 3/3
   467 | D:5      | Reached XP level 3. HP: 7/20 MP: 4/4
   467 | D:5      | Gained mutation: Your natural rate of healing is unusually
                  | fast. [Vine Stalker growth]
   467 | D:5      | Reached XP level 4. HP: 9/24 MP: 5/5
   467 | D:5      | Reached XP level 5. HP: 10/28 MP: 6/6
   593 | D:4      | Found Sonwu's Mayhem Merchandise.
   593 | D:4      | Found Zuepudemn's General Store.
   653 | D:3      | Noticed Jessica
   677 | D:3      | Killed Jessica
   868 | D:3      | Found a stormy altar of Qazlal.
   870 | D:3      | Found a hazy altar of Hepliaklqana.
   871 | D:3      | Found a broken altar of Ashenzari.
   871 | D:3      | Noticed Ijyb
   915 | D:3      | Killed Ijyb
   983 | D:3      | Found a burning altar of Makhleb.
  1145 | D:2      | Reached XP level 6. HP: 33/33 MP: 7/7
  1652 | D:1      | Found a faded altar of an unknown god.
  2061 | D:2      | Noticed Natasha
  2076 | D:2      | Killed Natasha
  2196 | D:2      | Found a runed translucent door.
  2197 | D:2      | Noticed Crazy Yiuf
  2512 | D:2      | Noticed Sigmund
  2631 | D:2      | Killed Sigmund
  2632 | D:2      | Reached XP level 7. HP: 37/37 MP: 8/8
  2777 | D:2      | Noticed Natasha
  2797 | D:2      | Killed Natasha
  3019 | D:2      | Slain by Crazy Yiuf

Illustrated notes

Levels and vault maps discovered:
D:1:      psy_arrival_dodecagon, layout_loops_corners,
          dreamdust_ecumenical_altar_angels_and_demons, nrook_loot_triangle
D:2:      layout_basic, uniq_crazy_yiuf_cottage, uniq_sigmund, uniq_natasha
D:3:      layout_basic, grunt_temple_overflow_open, minmay_misc_feat_five,
          uniq_jessica, uniq_ijyb
D:4:      layout_cave_pools, nicolae_dithmenos_through_a_glass_darkly,
          serial_shops, shop, minmay_shop_mayhem, minmay_manual_maat,
          uniq_menkaure
D:5:      layout_basic, zin_scriptorium, uniq_blork_the_orc

Skill      XL: |  1  2  3  4  5  6 |
---------------+-------------------+-----
Fighting       | 3 4 |  4.2
Axes           | 2 3 |  3.7
Armour         | 1 2 |  2.7
Dodging        | 2 3 |  3.3
Stealth        | |  6.0

Action                   |  1- 3 |  4- 6 |  7- 9 || total
-------------------------+-------+-------+-------++-------
Melee: Hand axe          |    24 |       |       ||    24
       Bite              |    14 |    33 |     9 ||    56
       Trident           |       |   153 |    30 ||   183
Evoke: Wand              |     6 |     1 |     1 ||     8
  Use: Scroll            |     2 |       |       ||     2
       Potion            |       |       |     1 ||     1
 Stab: Paralysed         |    16 |     7 |       ||    23
       Sleeping          |       |    10 |     1 ||    11
Armor: Leather armour    |     4 |       |       ||     4
       Scale mail        |       |    51 |     6 ||    57
Dodge: Dodged            |     9 |    39 |    13 ||    61

Table legend: (Time is in decaauts)
 A = Elapsed time spent in this place.
 B = Non-inter-level travel time spent in this place.
 C = Inter-level travel time spent in this place.
 D = Time resting spent in this place.
 E = Time spent auto-exploring this place.
 F = Levels seen in this place.
 G = Mean time per level.
                   A        B        C        D        E       F      G
               +--------+--------+--------+--------+--------+-----+--------+
         Total |   3063 |   2968 |     95 |      0 |   2063 |   5 |  612.6 |
       Dungeon |   3063 |   2968 |     95 |      0 |   2063 |   5 |  612.6 |
               +--------+--------+--------+--------+--------+-----+--------+

Top non-repeatable levels by time:
     D:2: 1041 daAuts
     D:1: 882 daAuts
     D:5: 596 daAuts
     D:3: 510 daAuts
     D:4: 33 daAuts
